 Dungeon Crawl Stone Soup version 0.31-a0-981-geadf994542 (webtiles) character file.

Game seed: 1286030371660353430

21 CowFu the Slasher (level 2, -6/26 HPs)
             Began as a Gnoll Reaver on Nov 1, 2023.
             Mangled by Terence
             ... wielding a +0 morningstar
              (8 damage)
             ... on level 2 of the Dungeon.
             The game lasted 00:01:39 (809 turns).

CowFu the Slasher (Gnoll Reaver)                     Turns: 809, Time: 00:01:39

Health: -6/26      AC:  4    Str: 11    XL:     2   Next: 83%
Magic:  7/7        EV: 12    Int: 12    God:
Gold:   30         SH:  0    Dex: 10    Spells: 9/10 levels left

rFire   . . .        i - +3 short sword
rCold   . . .        (no shield)
rNeg    . . .        b - +0 leather armour
rPois   .            (no helmet)
rElec   .            (no cloak)
rCorr   .            (no gloves)
SInv    .            h - +0 pair of boots
Will    .....        (no amulet)
Stlth   +            (no ring)
HPRegen 0.24/turn    (no ring)
MPRegen 0.10/turn

%: no passive effects
@: no status effects
A: fangs 1, strong nose, distributed training
a: no special abilities


You were on level 2 of the Dungeon.
You visited 1 branch of the dungeon, and saw 2 of its levels.

You collected 30 gold pieces.

Inventory:

Hand Weapons
 a - a +0 falchion
 i - a +3 short sword (weapon)
Armour
 b - a +0 leather armour (worn)
 h - a +0 pair of boots (worn)
Scrolls
 c - a scroll of amnesia {unknown}
Potions
 d - a potion of heal wounds {unknown}
 e - a potion of attraction {unknown}
 f - 2 potions of curing
 g - a potion of degeneration {unknown}


   Skills:
 + Level 4.5 Fighting
 + Level 0.5 Short Blades
 + Level 6.5 Long Blades
 + Level 0.5 Axes
 + Level 0.5 Maces & Flails
 + Level 0.5 Polearms
 + Level 0.5 Staves
 + Level 0.5 Ranged Weapons
 + Level 0.5 Throwing
 + Level 0.5 Armour
 + Level 4.5 Dodging
 + Level 0.5 Stealth
 + Level 0.5 Shields
 + Level 0.5 Unarmed Combat
 + Level 4.9 Spellcasting
 + Level 5.4 Conjurations
 + Level 0.4 Hexes
 + Level 0.4 Summonings
 + Level 0.4 Necromancy
 + Level 0.4 Translocations
 + Level 0.4 Transmutations
 + Level 0.4 Fire Magic
 + Level 0.4 Ice Magic
 + Level 0.4 Air Magic
 + Level 0.4 Earth Magic
 + Level 0.4 Poison Magic
 + Level 0.7 Invocations
 + Level 0.5 Evocations
 + Level 0.5 Shapeshifting


You had 9 spell levels left.
You knew the following spells:

 Your Spells              Type           Power      Damage    Failure   Level
a - Kiss of Death         Conj/Necr      36%        2d8       9%          1

Your spell library contained the following spells:

 Spells                   Type           Power      Damage    Failure   Level
 Momentum Strike          Conj/Tloc      18%        3d8       12%         2
 Hailstorm                Conj/Ice       9%         3d4       24%         3
 Lesser Beckoning         Tloc           6%         N/A       34%         2
 Gell's Gravitas          Tloc           3%         N/A       56%         3
 Teleport Other           Tloc           3%         N/A       56%         3
 Alistair's Intoxication  Tmut/Pois      2%         N/A       99%         5
 Borgnjor's Vile Clutch   Necr/Erth      1%         N/A       99%         5
 Eringya's Noxious Bog    Tmut/Pois      1%         4d6       100%        6


Dungeon Overview and Level Annotations

Branches:
Dungeon (2/15)

Altars:

Shops:
D:1 *

Annotations:
D:2 Terence


Innate Abilities, Weirdness & Mutations

You have very sharp teeth.
Your uncanny sense of smell can sniff out nearby items.
Your experience applies equally to all skills.


Message History

You bite the giant cockroach, but do no damage.
The giant cockroach is moderately wounded.
The giant cockroach bites you but does no damage.
You closely miss the giant cockroach.
The giant cockroach is moderately wounded.
The giant cockroach misses you.
You hit the giant cockroach.
You kill the giant cockroach!
No target in view!
No target in view!
Terence the Incautious comes into view.
He is wielding a +0 morningstar.
Terence shouts!
You hit Terence but do no damage. Terence closely misses you.
Terence is nearby!
You hit Terence but do no damage. Terence barely misses you.
Terence is nearby!
You hit Terence.
Terence is moderately wounded.
Terence closely misses you.
You hit Terence but do no damage.
Terence is moderately wounded.
Terence screams, "I want your blood!" Terence hits you with a +0 morningstar!
You hit Terence.
Terence is moderately wounded.
Terence hits you with a +0 morningstar!
* * * LOW HITPOINT WARNING * * *
You are too injured to fight recklessly!
You are too injured to fight recklessly!
It was a potion of curing.
You feel better. Terence hits you with a +0 morningstar!
* * * LOW HITPOINT WARNING * * *
You closely miss Terence.
Terence is moderately wounded.
Terence closely misses you.
You hit Terence.
Terence is heavily wounded.
Terence says, "Don't bother to defend, it's senseless."
Terence hits you with a +0 morningstar!
You die...

..#####.#.##########
#.....#...#
###....## #.....###
#..##....# ...
#.##..... ######.#
###### #....##......
#.###@..# .. #.@###
#.. #.## #. .. # #.#
.. #.. ...


You could see Terence.

Vanquished Creatures
  5 ball pythons
  2 bats (D:1)
  An endoplasm (D:1)
  2 giant cockroaches (D:2)
  3 goblins (D:1)
  A hobgoblin (D:1)
  4 frilled lizards
  2 kobolds
  A rat (D:1)
21 creatures vanquished.

Notes
Turn   | Place    | Note
-------+----------+-------------------------------------------
     0 | D:1      | CowFu the Gnoll Reaver began the quest for the Orb.
     0 | D:1      | Reached XP level 1. HP: 20/20 MP: 6/6
   184 | D:1      | Reached XP level 2. HP: 26/26 MP: 7/7
   221 | D:1      | Found Siarestu's Assorted Antiques.
   801 | D:2      | Noticed Terence
   807 | D:2      | HP: 1/26 [Terence/+0 morningstar (9)]
   809 | D:2      | Mangled by Terence

Illustrated notes

Levels and vault maps discovered:
D:1:      roderic_crossed_star, layout_loops_cross, serial_shops,
          nicolae_shop_crystal, serial_forest, infiniplex_forest_clump_double,
          infiniplex_forest_clump_cross, infiniplex_forest_clump_diagonal,
          infiniplex_forest_straight_2, infiniplex_forest_join,
          infiniplex_forest_straight_3
D:2:      layout_rooms, st_stairs_14, uniq_terence

Action                     || total
---------------------------++-------
  Melee: Falchion          ||    53
         Bite              ||     6
         Short sword       ||    11
    Use: Potion            ||     1
 Armour: Leather armour    ||    30
  Dodge: Dodged            ||    40

Table legend: (Time is in decaauts)
 A = Elapsed time spent in this place.
 B = Non-inter-level travel time spent in this place.
 C = Inter-level travel time spent in this place.
 D = Time resting spent in this place.
 E = Time spent auto-exploring this place.
 F = Levels seen in this place.
 G = Mean time per level.
                   A        B        C        D        E       F      G
               +--------+--------+--------+--------+--------+-----+--------+
         Total |    807 |    785 |     22 |      0 |    624 |   2 |  403.5 |
       Dungeon |    807 |    785 |     22 |      0 |    624 |   2 |  403.5 |
               +--------+--------+--------+--------+--------+-----+--------+

Top non-repeatable levels by time:
     D:1: 755 daAuts
     D:2: 52 daAuts
